 Dungeon Crawl Stone Soup version 0.31-a0-7-g51783674b7 (webtiles) character file.

Game seed: 1609953246195144718

1838400 Arzdou the Cryomancer (level 26, 135/204 HPs)
             Began as a Purple Draconian Ice Elementalist on May 3, 2023.
             Was the Champion of Qazlal.
             Escaped with the Orb
             ... and 4 runes on May 5, 2023!
             The game lasted 05:52:18 (104567 turns).

Arzdou the Cryomancer (DrIE)                      Turns: 104567, Time: 05:52:18

Health: 135/204    AC: 22    Str: 15    XL:     26   Next: 49%
Magic:  22/48      EV: 13    Int: 37    God:    Qazlal [******]
Gold:   3787       SH: 13    Dex:  4    Spells: 13/68 levels left

rFire   + . .        O - +12 broad axe "Icwunick" {vamp, rC++ rCorr Dex-5}
rCold   + . .        V - sphere of Battle
rNeg    . . .        (body armour unavailable)
rPois   +            v - +3 hat of the Thoughtful Friends {rElec Int+3 Dex-3}
rElec   +            Y - +0 cloak {rPois}
rCorr   +            Z - +2 pair of gloves {hurl}
SInv    +            U - +2 pair of boots "Hyih" {+Blink +Inv Will+}
Will    ++++.        q - amulet "Kehikh" {Reflect Int+7 Slay+3 SH+5}
Stlth   +            t - ring of Vanity {Fire Int+4}
HPRegen 0.54/turn    T - ring of see invisible
MPRegen 0.31/turn

%: repel missiles, reflection
@: flying, studying Dodging
A: breathe power, AC +12, unfitting armour, cold-blooded, antennae 1, big wings,
dopey 1, strong 1
0: Orb of Zot
}: 4/15 runes: decaying, slimy, silver, gossamer
a: Breathe Dispelling Energy, Renounce Religion, Evoke Blink, Evoke
Invisibility, Upheaval, Elemental Force, Disaster Area


You escaped.
You worshipped Qazlal.
Qazlal was exalted by your worship.
You visited 11 branches of the dungeon, and saw 53 of its levels.
You also visited: Gauntlet.

You collected 7881 gold pieces.
You spent 4094 gold pieces at shops.

Inventory:

Hand Weapons
 n - the +4 war axe "Hithruem" {elec, rPois Will- MP+9}
   (You bought it in a shop on level 13 of the Dungeon)

   rPois:     It protects you from poison.
   MP:        It affects your magic capacity (+9).
   Will:      It decreases your willpower.
 O - the +12 broad axe "Icwunick" (weapon) {vamp, rC++ rCorr Dex-5}
   (You acquired it on level 3 of the Swamp)

   Dex:       It affects your dexterity (-5).
   rC:        It greatly protects you from cold.
   rCorr:     It protects you from acid and corrosion.
Missiles
 C - 9 throwing nets
Armour
 v - the +3 hat of the Thoughtful Friends (worn) {rElec Int+3 Dex-3}
   (You acquired it on level 2 of the Realm of Zot)

   Int:       It affects your intelligence (+3).
   Dex:       It affects your dexterity (-3).
   rElec:     It insulates you from electricity.
 U - the +2 pair of boots "Hyih" (worn) {+Blink +Inv Will+}
   (You found it in a Gauntlet)

   +Inv:      It lets you turn invisible.
   +Blink:    It lets you blink.
   Will:      It increases your willpower.
 V - the sphere of Battle (worn)
   (You took it off a deep elf high priest on level 3 of the Elven Halls)

   It enhances your destructive magic.
   It weakens your non-destructive magic.
   It summons a battlesphere in combat, with strength depending on Conjurations
   skill.
 Y - a +0 cloak of poison resistance (worn)
 Z - a +2 pair of gloves of hurling (worn)
Magical Staves
 g - the staff of cold "Danok" {rPois rC+ Will- Dex+4}
   (You found it on level 5 of the Vaults)

   [staff of cold]

   Base accuracy: +5 Base damage: 5 Base attack delay: 1.2 This weapon's minimum
   attack delay (0.6) is reached at skill level 12.
   Dex:       It affects your dexterity (+4).
   rC:        It protects you from cold.
   rPois:     It protects you from poison.
   Will:      It decreases your willpower.
   It falls into the 'Staves' category.
   It is a one-handed weapon.
Jewellery
 c - the ring "Temibab" {Wiz rCorr Dex+3}
   (You took it off a deep elf demonologist on level 3 of the Elven Halls)

   [ring of wizardry]

   It improves your spell success rate.
   Dex:       It affects your dexterity (+3).
   rCorr:     It protects you from acid and corrosion.
 h - a ring of protection from fire
 j - the ring of Pihar {Ice Int+4 Slay+5}
   (You found it on level 5 of the Vaults)

   [ring of ice]

   It enhances your ice magic.
   Int:       It affects your intelligence (+4).
   Slay:      It affects your accuracy & damage with ranged weapons and melee
   (+5).
   rF:        It makes you vulnerable to fire.
   rC:        It protects you from cold.
 q - the amulet "Kehikh" (around neck) {Reflect Int+7 Slay+3 SH+5}
   (You found it on level 3 of the Elven Halls)

   [amulet of reflection]

   It reflects blocked missile attacks.
   Int:       It affects your intelligence (+7).
   Slay:      It affects your accuracy & damage with ranged weapons and melee
   (+3).
   SH:        It affects your SH (+5).
 t - the ring of Vanity (left hand) {Fire Int+4}
   (You took it off a deep elf high priest on level 3 of the Elven Halls)

   [ring of fire]

   It enhances your fire magic.
   Int:       It affects your intelligence (+4).
   rF:        It protects you from fire.
   rC:        It makes you vulnerable to cold.
 x - a ring of poison resistance
 H - a ring of fire
 T - a ring of see invisible (right hand)
 W - the ring of Zenoff {rN+ rCorr Int+6}
   (You found it on level 3 of the Swamp)

   [ring of intelligence]

   Int:       It affects your intelligence (+6).
   rN:        It protects you from negative energy.
   rCorr:     It protects you from acid and corrosion.
 X - an amulet of magic regeneration
Wands
 a - a wand of iceblast (42)
 r - a wand of polymorph (44)
 u - a wand of paralysis (76)
 K - a wand of flame (63)
 N - a wand of acid (10)
 P - a wand of digging (34)
 R - a wand of mindburst (57)
Scrolls
 b - 10 scrolls of immolation
 e - 9 scrolls of fear
 m - 6 scrolls of magic mapping
 y - 23 scrolls of teleportation
 B - 3 scrolls of silence
 F - 16 scrolls of fog
 I - 7 scrolls of poison
 L - 3 scrolls of blinking
 S - 3 scrolls of torment
Potions
 f - 5 potions of lignification
 i - 4 potions of invisibility
 k - 8 potions of attraction
 l - 8 potions of berserk rage
 o - 4 potions of cancellation
 p - 10 potions of brilliance
 s - 9 potions of mutation
 w - 4 potions of might
 z - 7 potions of flight
 A - a potion of haste
 D - 26 potions of curing
 E - 7 potions of ambrosia
 G - 2 potions of resistance
Miscellaneous
 Q - a lightning rod (4/4)


   Skills:
 - Level 10.6 Fighting
 - Level 15.1 Axes
 - Level 11.9 Dodging
 - Level 1.8 Stealth
 - Level 5.0 Shields
 + Level 21.8 Spellcasting
 - Level 9.0 Conjurations
 + Level 23.5 Fire Magic
 - Level 24.0 Ice Magic
 - Level 8.0 Air Magic
 - Level 7.0 Earth Magic
 - Level 20.0 Invocations
 - Level 7.6 Evocations


You had 13 spell levels left.
You knew the following spells:

 Your Spells              Type           Power      Damage    Failure   Level
a - Lee's Rapid Deconstr  Erth           47%        3d23*     1%          5
b - Frozen Ramparts       Ice            100%       1d16      0%          3
c - Ozocubu's Armour      Ice            83%        N/A       0%          3
d - Polar Vortex          Ice            72%        N/A       3%          9
f - Ozocubu's Refrigerat  Ice            72%        4d23      1%          7
g - Iron Shot             Conj/Erth      49%        9d9       3%          6
h - Fireball              Conj/Fire      76%        3d28      1%          5
i - Swiftness             Air            49%        N/A       1%          3
j - Ignition              Fire           85%        3d22      1%          8
k - Plasma Beam           Fire/Air       75%        2x1d101   1%          6

Your spell library contained the following spells:

 Spells                   Type           Power      Damage    Failure   Level
 Foxfire                  Conj/Fire      100%       2x1d9     0%          1
 Freeze                   Ice            100%       1d10      0%          1
 Magic Dart               Conj           100%       1d8       0%          1
 Ensorcelled Hibernation  Hex/Ice        100%       N/A       0%          2
 Scorch                   Fire           100%       2d9       0%          2
 Hailstorm                Conj/Ice       100%       3d20      0%          3
 Inner Flame              Hex/Fire       100%       N/A       0%          3
 Volatile Blastmotes      Fire/Tloc      100%       2d18      0%          3
 Flame Wave               Conj/Fire      100%       2d21      0%          4
 Sticky Flame             Conj/Fire      100%       2d11      0%          4
 Apportation              Tloc           40%        N/A       1%          1
 Sandblast                Erth           100%       2d20      1%          1
 Shock                    Conj/Air       100%       1d9       1%          1
 Slow                     Hex            80%        N/A       1%          1
 Sting                    Tmut/Pois      80%        1d7       1%          1
 Summon Small Mammal      Summ           80%        N/A       1%          1
 Blink                    Tloc           40%        N/A       1%          2
 Call Imp                 Summ           40%        N/A       1%          2
 Cigotuvi's Dreadful Rot  Necr/Pois/Air  60%        N/A       1%          2
 Passwall                 Tmut/Erth      27%        N/A       1%          2
 Poisonous Vapours        Pois/Air       100%       N/A       1%          2
 Static Discharge         Conj/Air       100%       2-7/arc   1%          2
 Sublimation of Blood     Necr           20%        N/A       1%          2
 Wereblood                Tmut           20%        N/A       1%          2
 Call Canine Familiar     Summ           20%        N/A       1%          3
 Confusing Touch          Hex            20%        N/A       1%          3
 Dazzling Flash           Conj/Hex       100%       N/A       1%          3
 Gell's Gravitas          Tloc           20%        N/A       1%          3
 Ignite Poison            Fire/Tmut/Pois 100%       N/A       1%          3
 Mephitic Cloud           Conj/Pois/Air  89%        N/A       1%          3
 Portal Projectile        Hex/Tloc       40%        N/A       1%          3
 Spider Form              Tmut/Pois      20%        N/A       1%          3
 Stone Arrow              Conj/Erth      100%       3d13      1%          3
 Summon Guardian Golem    Hex/Summ       20%        N/A       1%          3
 Teleport Other           Tloc           20%        N/A       1%          3
 Tukima's Dance           Hex            20%        N/A       1%          3
 Vampiric Draining        Necr           20%        2d7       1%          3
 Vhi's Electric Charge    Tloc/Air       70%        N/A       1%          3
 Airstrike                Air            49%        2d(8-24)  1%          4
 Fulminant Prism          Conj/Hex       42%        3d19      1%          4
 Ice Form                 Ice/Tmut       59%        N/A       1%          4
 Iskenderun's Mystic Bla  Conj/Tloc      84%        2d17      1%          4
 Leda's Liquefaction      Hex/Erth       16%        N/A       1%          4
 Petrify                  Tmut/Erth      33%        N/A       1%          4
 Summon Ice Beast         Ice/Summ       59%        N/A       1%          4
 Summon Lightning Spire   Summ/Air       35%        N/A       1%          4
 Arcjolt                  Conj/Air       50%        1d60      1%          5
 Freezing Cloud           Conj/Ice/Air   59%        6-21      1%          5
 Iskenderun's Battlesphe  Conj           100%       2d15      1%          5
 Metabolic Englaciation   Hex/Ice        29%        N/A       1%          5
 Simulacrum               Ice/Necr       29%        N/A       1%          6
 Starburst                Conj/Fire      76%        6d19      1%          6
 Irradiate                Conj/Tmut      42%        3d25      2%          5
 Silence                  Hex/Air        17%        N/A       3%          5
 Conjure Ball Lightning   Conj/Air       50%        3x3d17    3%          6
 Borgnjor's Vile Clutch   Necr/Erth      16%        N/A       4%          5
 Anguish                  Hex/Necr       10%        N/A       6%          4
 Cause Fear               Hex            10%        N/A       6%          4
 Dispel Undead            Necr           20%        3d11      6%          4
 Manifold Assault         Tloc           20%        N/A       6%          4
 Olgreb's Toxic Radiance  Pois           57%        N/A       6%          4
 Passage of Golubria      Tloc           20%        N/A       6%          4
 Orb of Destruction       Conj           52%        9d13      13%         7
 Agony                    Necr           20%        N/A       19%         5
 Alistair's Intoxication  Tmut/Pois      13%        N/A       19%         5
 Blade Hands              Tmut           10%        N/A       19%         5
 Summon Forest            Summ/Tloc      10%        N/A       19%         5
 Summon Mana Viper        Hex/Summ       20%        N/A       19%         5
 Yara's Violent Unravell  Hex/Tmut       28%        3d12      19%         5
 Statue Form              Tmut/Erth      22%        N/A       24%         6
 Death Channel            Necr           10%        N/A       69%         6
 Dispersal                Tloc           10%        N/A       69%         6
 Eringya's Noxious Bog    Tmut/Pois      28%        N/A       69%         6
 Summon Cactus Giant      Summ           10%        N/A       69%         6
 Lehudib's Crystal Spear  Conj/Erth      49%        10d12     83%         8
 Dragon Form              Tmut           10%        N/A       99%         7
 Malign Gateway           Summ/Tloc      10%        N/A       99%         7
 Monstrous Menagerie      Summ           10%        N/A       99%         7
 Summon Hydra             Summ           10%        N/A       99%         7
 Discord                  Hex            10%        N/A       100%        8
 Disjunction              Tloc           10%        N/A       100%        8
 Necromutation            Tmut/Necr      10%        N/A       100%        8
 Dragon's Call            Summ           10%        N/A       100%        9
 Animate Armour           Summ/Erth      Unusable   N/A       N/A         4

Dungeon Overview and Level Annotations

Branches:
Dungeon (15/15)            Temple (0/1) D:6            Lair (5/5) D:8
  Swamp (4/4) Lair:3       Spider (4/4) Lair:3        Slime (5/5) Lair:4
    Orc (2/2) D:9             Elf (3/3) Orc:2        Vaults (5/5) D:14
  Crypt (0/3) Vaults:2     Depths (4/4) D:15           Hell (visited)
    Zot (5/5) Depths:4    Gauntlet (visited)
    Dis: Hell:1         Geh: Hell:1         Coc: Hell:1         Tar: Hell:1

Altars:
Cheibriados
Dithmenos
Elyvilon
Fedhas
Gozag
Hepliaklqana
Qazlal
Ru
Sif Muna
Trog
Uskayaw
Vehumet
Wu Jian
Xom
Yredelemnul
The Shining One
Lugonu

Shops:
D:13 (   D:14 [   Orc:1 [   Orc:2 !(([   Elf:1 *   Elf:2 ==:   Elf:3 !
Vaults:1 [   Vaults:3 *[?(   Vaults:5 ??

Portals:
Hell: Depths:1 Depths:2 Depths:3 Depths:4
Abyss: Lair:1 Lair:5 Depths:3
Pandemonium: Depths:2
Ziggurat: Depths:3

Annotations:
Elf:2 5 runed translucent doors
Depths:2 2 transporters, qborf's ghost, veteran MiFi


Innate Abilities, Weirdness & Mutations

You can breathe bolts of dispelling energy.
Your rich purple scales are hard. (AC +12)
You cannot fit into any form of body armour.
You are cold-blooded and may be slowed by cold attacks.
You have a pair of small antennae on your head.
Your large and strong wings let you fly.
You are dopey. (Int -2)
Your muscles are strong. (Str +4, Int/Dex -1)


Message History

The plant is heavily damaged.
The fiery plasma hits the Orb Guardian!!
You kill the Orb Guardian!
Qazlal accepts your kill.
Your battlesphere fires!
The barrage of energy hits the demonic crawler!
The demonic crawler is almost dead.
Casting: Plasma Beam (mildly dangerous; 1% risk of failure)
Confirm with . or Enter, or press ? or * to list all spells.
You feel a surge of power!
Really make a polar vortex near your battlesphere? [Y]es or [N]o only, please.
Really make a polar vortex near your battlesphere?
A great freezing vortex appears around you.
You kill the demonic crawler!
Qazlal accepts your kill.
The plant begins to die. x2
Unknown command.
You destroy your battlesphere!
The plant is engulfed in a thunderstorm.
You destroy the plant!
You destroy the plant!
A nearby plant withers and dies.
The winds around you start to calm down.
The winds around you calm down.
You start resting.
A sun demon comes into view.
You feel a strong surge of power!
The bolt of lightning hits the sun demon!!
The sun demon resists.
The sun demon is moderately wounded.
The fiery plasma hits the sun demon.
The sun demon completely resists.
The sun demon is moderately wounded.
You conjure a globe of magical energy.
You hear a shout!
Your battlesphere is engulfed in blazing flames. x2
A balrug comes into view.
It is wielding a +0 demon whip of venom.
Your battlesphere is engulfed in blazing flames.
Your battlesphere is engulfed in blazing flames. x2
You have escaped!

#.######.##.#####,,,,,,
#.............[..,,,,,,
****###...#**,,,**,,,,,
#...#.# ***,*******
##.###.####*,**** *,
##.........#*,,,,***,
#.§.....##.#****,,,,,
##.......##,#*,,,,,,,,
#..○.@○...#,**,†,,,,*,
#....*°.....#*,,,,,,*,
#..○.°.○3..##*,,,,,,,,
#.#.....#....,,,,,,,,,
#.#######.2...,,,,,,,,
**#,,,,,,,,.....,,,,,,,,
*,,,,,,****,....,,,,****
*,,,,,,*,,,,,,,,***,****
*,,,,,,*,*******,,,,,,,'


You could see a balrug, a sun demon and a friendly battlesphere.

Vanquished Creatures
  the Royal Jelly (Slime:5)
  2 dread liches
  An ancient lich (Vaults:5)
  6 orbs of fire (Zot:5)
  A juggernaut (Zot:5)
  The ghost of Inony the Crack Shot, a master FoHu of Okawaru (Vaults:2)
  Sojobo (Vaults:2)
  Bai Suzhen (Vaults:5)
  3 Killer Klowns (Zot:5)
  2 curse toes
  2 caustic shrikes (Depths:2)
  The ghost of sastreii the Fetichist, a veteran DrAr of Dithmenos (Depths:3)
  8 golden dragons
  Geryon (Hell)
  A bone dragon (Depths:4)
  Arachne (Spider:3)
  A Brimstone Fiend (D:1)
  4 electric golems
  Rupert (Vaults:2)
  A lich (Hell)
  12 tentacled monstrosities
  32 Orb Guardians
  7 quicksilver dragons
  3 deep elf master archers
  27 acid blobs
  2 deep elf blademasters (Elf:3)
  A walking frostbound tome (Depths:4)
  An ancient champion (Vaults:2)
  4 sphinxes
  17 titans
  6 death cobs
  Agnes (Elf:1)
  An Executioner (D:9)
  7 draconian monks
  Gastronok (Lair:1)
  14 azure jellies
  Roxanne (Spider:3)
  A thorn hunter (Swamp:1)
  21 storm dragons
  12 tengu reavers
  12 shadow dragons
  15 rockslimes
  10 draconian knights
  3 fire giants
  4 deep elf sorcerers
  7 ghost moths
  An iron dragon (Depths:3)
  21 vault wardens
  4 emperor scorpions (Spider:4)
  9 draconian scorchers
  5 frost giants
  A cacodemon (Depths:1)
  2 draconian shifters
  4 deep elf elementalists
  28 very ugly things
  21 ironbound preservers
  5 reapers
  4 spriggan defenders
  2 draconian annihilators (Zot:4)
  A demonspawn corrupter (Zot:2)
  5 draconian stormcallers
  9 quicksilver oozes
  18 stone giants
  8 ironbound thunderhulks
  A vampire knight (Depths:4)
  4 broodmothers
  A war gargoyle (Vaults:3)
  8 green draconians
  9 black draconians
  A minotaur (Gauntlet)
  2 bunyips
  Azrael (Spider:1)
  5 deep elf annihilators
  8 deep elf demonologists (Elf:3)
  A lorocyproca (D:10)
  14 spark wasps
  12 red draconians
  9 white draconians
  7 yellow draconians
  9 purple draconians
  Snorg (D:10)
  12 dire elephants
  The ghost of Geeruv the Covert, a journeyman AtBr of Uskayaw (Lair:1)
  5 eleionomae
  11 ettins
  A green death (Depths:2)
  The ghost of PostNTower the Grappler, a journeyman DrTm of Hepliaklqana (Lair:2)
  6 deep elf death magi
  3 entropy weavers
  11 yaktaur captains
  2 blizzard demons
  9 fire dragons
  4 deep elf high priests
  11 great orbs of eyes
  A hell beast (D:8)
  The ghost of Buethreca the Zephyrmancer, a journeyman TeAE of Vehumet (Lair:4)
  31 vault guards
  A ghost crab (Swamp:1)
  A rakshasa (Depths:1)
  12 hydras
  4 peacekeepers
  3 ogre magi
  A catoblepas (Lair:5)
  8 ice dragons
  9 ironbound frosthearts
  2 jorogumos
  6 spriggan air magi
  16 centaur warriors
  2 radroaches (Spider:4)
  9 dancing weapons
  7 boulder beetles
  13 two-headed ogres
  4 alligators
  17 deep troll earth magi
  A two-headed ogre (shapeshifter) (Vaults:5)
  8 death yaks
  10 deep troll shamans
  4 thrashing horrors
  A titan zombie (Hell)
  2 vampire magi
  9 tengu warriors
  4 hell knights (Depths:1)
  6 spriggan berserkers
  14 deep elf knights
  3 soul eaters
  2 sun demons
  2 skysharks
  A fire crab (Lair:4)
  10 iron trolls
  3 sun moths
  2 storm dragon zombies
  Amaemon (D:10)
  2 shadow wraiths
  3 sixfirhies
  Lodul (D:10)
  2 salamander mystics (Depths:4)
  5 skeletal warriors
  47 deep trolls
  5 pharaoh ants
  3 spriggan druids
  2 shadow demons
  6 glowing orange brains
  2 flayed ghosts (Depths:3)
  7 orb spiders
  2 shadow dragon zombies (Hell)
  Pikel (D:9)
  4 bog bodies
  5 goliath frogs
  2 deep trolls (shapeshifter) (Vaults:5)
  3 swamp dragons
  39 deep elf zephyrmancers
  A harpy (shapeshifter) (Elf:2)
  21 ironbound convokers
  7 steelbarb worms
  7 phantasmal warriors
  11 wizards
  6 necromancers
  10 lindwurms
  4 orc knights
  16 deep elf archers
  A sphinx zombie (Hell)
  3 harpies (Vaults:3)
  2 fire giant zombies (Hell)
  2 tengu zombies (Hell)
  24 deep elf pyromancers
  9 orc sorcerers (Orc:2)
  50 ugly things
  2 stone giant zombies (Hell)
  15 wolf spiders
  A cyclops (shapeshifter) (Vaults:5)
  2 frost giant zombies (Hell)
  5 salamanders (Depths:4)
  17 elephants
  5 shining eyes
  A will-o-the-wisp (Swamp:1)
  3 manticores
  Joseph (D:9)
  36 moths of wrath
  5 cyclopes
  Maurice (D:9)
  4 black mambas
  26 vault sentinels
  3 torpor snails
  5 orange demons
  5 smoke demons
  A torpor snail (shapeshifter) (D:15)
  11 cane toads
  4 spriggan zombies (Hell)
  An eye of devastation (Slime:5)
  A molten gargoyle (Hell)
  6 demonic crawlers
  Maggie (D:9)
  3 rime drakes
  An unseen horror (shapeshifter) (Vaults:5)
  5 freezing wraiths
  A kobold demonologist (D:14)
  37 yaktaurs
  A yaktaur (shapeshifter) (Vaults:5)
  An efreet (D:15)
  7 komodo dragons
  2 unseen horrors
  A tormentor (D:12)
  8 ice devils
  3 tengu conjurers
  A human skeleton (Vaults:4)
  A red devil (D:12)
  A wind drake (shapeshifter) (Lair:5)
  3 ancient zymes (Lair:5)
  2 meliai (shapeshifter)
  A bloated husk (Swamp:2)
  A sea snake skeleton (Hell)
  3 polar bears
  A queen bee (Lair:2)
  11 tarantellas
  15 hornets
  5 trolls
  4 tyrant leeches
  2 hellwings
  A hornet (shapeshifter) (Depths:2)
  A dream sheep (Lair:4)
  20 blink frogs
  16 jumping spiders
  9 wraiths
  4 water elementals
  73 slime creatures
  16 spriggans
  Sigmund (D:3)
  4 air elementals
  14 culicivoras
  A vampire (D:12)
  Grum (D:8)
  72 yaks
  2 ynoxinuls (Lair:5)
  8 fire elementals
  A basilisk (shapeshifter) (Vaults:3)
  3 wyverns
  2 steam dragons
  28 golden eyes
  14 basilisks
  4 chaos spawn (Depths:2)
  47 redbacks
  3 neqoxecs
  4 swamp worm simulacra (Swamp:4)
  9 vampire mosquitoes
  16 wargs
  24 swamp worms
  5 acid dragons
  10 water moccasins
  2 floating eyes
  15 hydra simulacra (Swamp:4)
  7 hell hounds
  An ettin simulacrum (Vaults:4)
  3 large abominations
  2 sky beasts
  A swamp drake (Swamp:3)
  13 orc warriors
  A black bear (D:7)
  4 boggarts (Vaults:1)
  15 ogres
  An ice beast (D:7)
  17 wolves
  18 centaurs
  3 lemures (D:9)
  7 small abominations (Lair:5)
  4 kobold brigands (D:14)
  2 gnoll sergeants
  6 earth elementals
  12 bullfrogs
  A scorpion (D:8)
  4 wights (D:7)
  33 killer bees
  5 electric eels
  A howler monkey (D:7)
  3 gnoll boudas
  5 hounds
  2 jellies
  14 orc priests
  3 sleepcaps
  An iguana (D:5)
  A hell rat (Lair:2)
  53 orc wizards
  22 gnolls
  9 adders
  A river rat (Lair:2)
  A shadow imp (D:7)
  A white imp (D:6)
  6 ufetubi
  4 swamp drake simulacra (Swamp:4)
  A worm (D:2)
  3 dart slugs
  78 orcs
  7 ball pythons
  3 bats (D:3)
  7 endoplasms
  5 giant cockroaches
  10 goblins
  9 hobgoblins
  4 jackals (D:1)
  6 kobolds
  3 quokkas
  A frilled lizard (D:1)
  4 rats
  2 plants (D:1)
  A spectral weapon (Vaults:2)
2270 creatures vanquished.

Vanquished Creatures (collateral kills)
  A golden dragon (Zot:2)
  A tentacled monstrosity (Zot:2)
  A ghost moth (Zot:2)
  An entropy weaver (Spider:1)
  2 dancing weapons (Elf:1)
  A moth of wrath (Zot:2)
  An elephant (Lair:3)
  A yak (D:10)
  2 orc wizards (Orc:2)
11 creatures vanquished.

Vanquished Creatures (others)
  Asterion (Vaults:2)
  A fire giant (Depths:1)
  A frost giant (Depths:1)
  A vault guard (Vaults:3)
  2 deep elf knights
  2 goliath frogs (Swamp:1)
  A wizard (Vaults:3)
  A bloated husk (Swamp:1)
  A bush (Lair:5)
  20 fungi
  55 plants
86 creatures vanquished.

Grand Total: 2367 creatures vanquished

Notes
Turn   | Place    | Note
-------+----------+-------------------------------------------
     0 | D:1      | Arzdou the Draconian Ice Elementalist began the quest for
                  | the Orb.
     0 | D:1      | Reached XP level 1. HP: 14/14 MP: 3/3
    79 | D:1      | Reached XP level 2. HP: 22/22 MP: 0/5
   261 | D:1      | Found a faded altar of an unknown god.
   560 | D:1      | Reached skill level 1 in Fighting
   874 | D:1      | Reached XP level 3. HP: 28/28 MP: 6/6
   883 | D:1      | Learned a level 3 spell: Frozen Ramparts
  1201 | D:2      | Reached XP level 4. HP: 36/36 MP: 3/7
  1714 | D:3      | Found a sacrificial altar of Ru.
  1875 | D:3      | Identified the +4 hand axe of the Heart {speed, rF+ Dex+3}
  1930 | D:3      | Learned a level 3 spell: Ozocubu's Armour
  1996 | D:3      | Found a snail-covered altar of Cheibriados.
  2034 | D:3      | Noticed Sigmund
  2312 | D:4      | Reached XP level 5. HP: 41/41 MP: 4/9
  2367 | D:4      | Noticed a sky beast
  2442 | D:4      | Killed a sky beast
  2443 | D:4      | Reached skill level 1 in Axes
  2567 | D:4      | Reached XP level 6. HP: 46/50 MP: 6/10
  2571 | D:4      | Reached skill level 1 in Shields
  2652 | D:4      | Found a bloodstained altar of Trog.
  2782 | D:4      | Reached skill level 5 in Ice Magic
  2996 | D:4      | Found a glowing golden altar of the Shining One.
  3060 | D:5      | Entered Level 5 of the Dungeon
  3075 | D:5      | Noticed a fire elemental
  3077 | D:5      | Found a stormy altar of Qazlal.
  3081 | D:5      | Noticed an air elemental
  3081 | D:5      | Noticed a water elemental
  3201 | D:5      | Became a worshipper of Qazlal Stormbringer
  3258 | D:5      | Your scales start taking on a rich purple colour.
  3258 | D:5      | Reached XP level 7. HP: 21/57 MP: 1/13
  3752 | D:5      | Found a shimmering blue altar of Sif Muna.
  4176 | D:6      | Found a white marble altar of Elyvilon.
  4381 | D:6      | Reached XP level 8. HP: 66/66 MP: 8/15
  4552 | D:6      | Found a staircase to the Ecumenical Temple.
  4654 | D:6      | Reached skill level 5 in Spellcasting
  4738 | D:6      | Reached * piety under Qazlal
  4821 | D:7      | Found a snail-covered altar of Cheibriados.
  4824 | D:7      | Found a basalt altar of Yredelemnul.
  4824 | D:7      | Found a bloodstained altar of Trog.
  5111 | D:7      | Reached skill level 5 in Axes
  5121 | D:7      | Reached skill level 6 in Ice Magic
  5217 | D:7      | Found a shadowy altar of Dithmenos.
  5217 | D:7      | Found an opulent altar of Gozag.
  5217 | D:7      | Found a shimmering altar of Xom.
  5356 | D:7      | Reached XP level 9. HP: 70/73 MP: 4/17
  5495 | D:7      | Identified the ring "Tyceqiosk" {Ice *Corrode Drain rElec
                  | Will+++}
  5584 | D:7      | Found a basalt altar of Yredelemnul.
  5938 | D:7      | Found an ornate altar of the Wu Jian Council.
  6089 | D:8      | Reached skill level 1 in Conjurations
  6245 | D:8      | Noticed Grum
  6260 | D:8      | Killed Grum
  6576 | D:8      | Found a staircase to the Lair.
  6811 | D:8      | Reached skill level 5 in Conjurations
  7173 | D:8      | Reached XP level 10. HP: 80/80 MP: 10/18
  7370 | D:8      | Reached ** piety under Qazlal
  7750 | D:9      | Found a hide-covered altar of Uskayaw.
  8043 | D:9      | Found a staircase to the Orcish Mines.
  8076 | D:9      | Noticed a two-headed ogre
  8085 | D:9      | Killed a two-headed ogre
  8297 | D:9      | Noticed Pikel
  8507 | D:9      | Noticed Maggie
  8508 | D:9      | Noticed Maurice
  8572 | D:9      | Noticed a two-headed ogre
  8600 | D:9      | Killed Maurice
  8738 | D:9      | Identified the ring "Quotwoth" {Will+ AC+4 Str+2 Dex+3}
  9036 | D:9      | Noticed Joseph
  9059 | D:9      | Killed Joseph
  9060 | D:9      | Reached skill level 5 in Dodging
  9239 | D:9      | Killed a two-headed ogre
  9352 | D:9      | Found a staircase to the Orcish Mines.
  9440 | D:9      | Killed Pikel
  9441 | D:9      | Reached skill level 10 in Axes
  9492 | D:9      | Found a hide-covered altar of Uskayaw.
  9631 | D:9      | Killed Maggie
  9834 | D:10     | Entered Level 10 of the Dungeon
  9834 | D:10     | Noticed Lodul
  9898 | D:10     | Noticed a two-headed ogre
  9918 | D:10     | Killed a two-headed ogre
  9919 | D:10     | Reached XP level 11. HP: 84/85 MP: 11/19
 10035 | D:10     | Noticed Amaemon
 10120 | D:10     | Found a blossoming altar of Fedhas.
 10129 | D:10     | Noticed Snorg
 10266 | Lair:1   | Entered Level 1 of the Lair of Beasts
 10324 | Lair:1   | Reached *** piety under Qazlal
 10523 | Lair:1   | Noticed Geeruv's ghost (journeyman AtBr)
 10528 | Lair:1   | Found a transporter.
 10528 | Lair:1   | Noticed a purple ugly thing
 10552 | Lair:1   | Found a one-way gate to the infinite horrors of the Abyss.
 10645 | Lair:1   | Noticed a thrashing horror
 10647 | Lair:1   | Identified the +1 scimitar "Suirchoda" {heavy, rF++ rCorr
                  | Dex-5 SInv}
 10839 | Lair:1   | Noticed Gastronok
 10954 | Lair:1   | Killed Gastronok
 11123 | Lair:1   | Found a transporter.
 11372 | Lair:1   | Learned a level 5 spell: Iskenderun's Battlesphere
 11398 | Lair:2   | Found a shimmering blue altar of Sif Muna.
 11657 | Lair:2   | Reached skill level 1 in Invocations
 11695 | Lair:2   | Reached skill level 5 in Invocations
 11702 | Lair:2   | Reached XP level 12. HP: 83/93 MP: 6/20
 11731 | Lair:2   | Reached **** piety under Qazlal
 11744 | Lair:2   | Noticed a five-headed hydra
 11849 | Lair:2   | Killed a five-headed hydra
 12340 | Lair:2   | Reached ***** piety under Qazlal
 12636 | Lair:2   | Found a runed translucent gate.
 12636 | Lair:2   | Found a runed translucent gate.
 12636 | Lair:2   | Found a runed translucent gate.
 12641 | Lair:2   | Noticed PostNTower's ghost (journeyman DrTm)
 12677 | Lair:2   | Noticed a five-headed hydra
 12728 | Lair:2   | Killed a five-headed hydra
 13529 | Lair:3   | Reached skill level 10 in Spellcasting
 13762 | Lair:3   | Found a hole to the Spider Nest.
 14158 | Lair:3   | Found a staircase to the Swamp.
 14578 | Lair:4   | Reached XP level 13. HP: 93/99 MP: 22/28
 15167 | Lair:4   | Found a staircase to the Slime Pits.
 15483 | Lair:4   | Found the +8 mithril axe "Arga" {speed, Will+}
 15484 | Lair:4   | Found a transporter.
 15487 | Lair:4   | Noticed Buethreca's ghost (journeyman TeAE)
 15582 | Lair:4   | Found a transporter.
 15682 | Lair:5   | Entered Level 5 of the Lair of Beasts
 17317 | Lair:4   | Identified the staff of air "Teummiuv" {rElec rPois rN++
                  | Will+++ Stlth-}
 17567 | Lair:5   | Reached skill level 5 in Shields
 17652 | Lair:5   | Reached XP level 14. HP: 91/105 MP: 29/32
 17795 | Lair:5   | Reached ****** piety under Qazlal
 17936 | Lair:5   | Found the +5 glaive of the Guard {elec, spectral, AC+5}
 17937 | Lair:5   | Found a corrupted altar of Lugonu.
 19311 | Orc:1    | Entered Level 1 of the Orcish Mines
 19399 | Orc:2    | Entered Level 2 of the Orcish Mines
 19504 | Orc:2    | Reached skill level 1 in Earth Magic
 20290 | Orc:2    | Reached skill level 7 in Ice Magic
 20414 | Orc:2    | Found Ataeshuy's Antique Armour Shop.
 20414 | Orc:2    | Found Biok's Weapon Emporium.
 20420 | Orc:2    | Bought a pair of runed boots for 270 gold pieces
 20585 | Orc:2    | Found a staircase to the Elven Halls.
 20774 | Orc:2    | Found Qateugua's Weapon Shop.
 20774 | Orc:2    | Found Oleog's Distillery.
 20780 | Orc:2    | Bought a throwing net for 48 gold pieces
 20789 | Orc:2    | Bought a potion of mutation for 88 gold pieces
 20789 | Orc:2    | Bought a potion of curing for 33 gold pieces
 20789 | Orc:2    | Bought a potion of curing for 33 gold pieces
 20789 | Orc:2    | Bought a potion of heal wounds for 55 gold pieces
 20789 | Orc:2    | Bought a potion of might for 44 gold pieces
 20789 | Orc:2    | Bought a potion of curing for 33 gold pieces
 20789 | Orc:2    | Bought a potion of mutation for 88 gold pieces
 20867 | Orc:1    | Found Basynt's Armour Boutique.
 21172 | D:10     | Killed Snorg
 21495 | D:10     | Killed Lodul
 21618 | D:10     | Found a hazy altar of Hepliaklqana.
 21642 | D:10     | Killed Amaemon
 21898 | D:10     | Found an opulent altar of Gozag.
 22281 | D:11     | Reached skill level 8 in Ice Magic
 23166 | D:12     | Reached skill level 15 in Axes
 23419 | D:12     | Reached XP level 15. HP: 98/112 MP: 33/33
 23661 | D:12     | Reached skill level 9 in Ice Magic
 24522 | D:13     | Found a radiant altar of Vehumet.
 24600 | D:13     | Found a gate leading to a gauntlet.
 24639 | Gauntlet | Entered a Gauntlet
 24639 | Gauntlet | Found a transporter.
 24646 | Gauntlet | Found a transporter.
 24648 | Gauntlet | Found a transporter.
 24665 | Gauntlet | Found a transporter.
 24666 | Gauntlet | Found a transporter.
 24684 | Gauntlet | Found a transporter.
 24696 | Gauntlet | Found a transporter.
 24706 | Gauntlet | Found a transporter.
 24716 | Gauntlet | Found a transporter.
 24782 | Gauntlet | Found a transporter.
 24782 | Gauntlet | Found a transporter.
 24794 | Gauntlet | Found a transporter.
 24797 | Gauntlet | Found a transporter.
 24887 | Gauntlet | Found a transporter.
 24935 | Gauntlet | Reached skill level 10 in Ice Magic
 25147 | Gauntlet | Identified the +2 pair of boots "Hyih" {+Blink +Inv Will+}
 25278 | Gauntlet | Identified the +5 scimitar of Infection {venom, Str+5 Dex+3
                  | Stlth+}
 25348 | D:13     | Found Apaetozo's Antique Weapon Shoppe.
 25356 | D:13     | Bought a fading war axe for 272 gold pieces
 25356 | D:13     | Identified the +3 war axe of Dominance {vamp, Int+2} (You
                  | bought it in a shop on level 13 of the Dungeon)
 25356 | D:13     | Bought a shimmering hand axe for 256 gold pieces
 25356 | D:13     | Identified the +3 hand axe "Owehygurr" {flame, rC+ Int+3}
                  | (You bought it in a shop on level 13 of the Dungeon)
 25356 | D:13     | Bought a masterwork war axe for 272 gold pieces
 25356 | D:13     | Identified the +4 war axe "Hithruem" {elec, rPois Will-
                  | MP+9} (You bought it in a shop on level 13 of the Dungeon)
 25418 | D:13     | Identified the +6 falchion of Tumult {flame, Dex+2}
 25576 | D:14     | Reached skill level 11 in Ice Magic
 25582 | D:14     | Reached skill level 1 in Evocations
 26086 | D:14     | Found Pottus's Antique Armour Emporium.
 26376 | D:14     | Reached skill level 5 in Evocations
 26645 | D:14     | Found a gate to the Vaults.
 26705 | D:15     | Entered Level 15 of the Dungeon
 26740 | D:15     | Reached skill level 12 in Ice Magic
 27077 | D:15     | Found a staircase to the Depths.
 27746 | D:15     | Learned a level 3 spell: Stone Arrow
 27761 | D:14     | Learned a level 7 spell: Ozocubu's Refrigeration
 27768 | D:14     | Learned a level 6 spell: Iron Shot
 27924 | D:15     | Reached XP level 16. HP: 118/118 MP: 17/34
 29042 | Spider:1 | Entered Level 1 of the Spider Nest
 29047 | Spider:1 | Noticed Azrael
 29058 | Spider:1 | Killed Azrael
 29059 | Spider:1 | Reached skill level 13 in Ice Magic
 30094 | Spider:1 | Reached skill level 14 in Ice Magic
 32521 | Spider:2 | Identified the +9 dagger of the Known World {distort, MP+9
                  | Str+3 Dex-2}
 33070 | Spider:2 | Reached skill level 15 in Ice Magic
 34159 | Spider:3 | Noticed Arachne
 34272 | Spider:3 | Killed Arachne
 34884 | Spider:3 | Identified Roxanne's Papyrus of Transfiguration
 34884 | Spider:3 | Noticed Roxanne
 34962 | Spider:3 | Reached skill level 16 in Ice Magic
 35535 | Elf:1    | Entered Level 1 of the Elven Halls
 36020 | Elf:1    | Paralysed by an air elemental for 1 turns
 36024 | Elf:1    | Paralysed by an air elemental for 1 turns
 36480 | Elf:1    | Reached skill level 17 in Ice Magic
 36502 | Elf:1    | Reached XP level 17. HP: 97/107 MP: 6/35
 36840 | Elf:1    | Noticed Agnes
 36850 | Elf:1    | Killed Agnes
 37830 | Elf:1    | Reached skill level 18 in Ice Magic
 38117 | Elf:1    | Found Racreywu's Assorted Antiques.
 38125 | Elf:1    | Bought a potion of heal wounds for 140 gold pieces
 38608 | Swamp:1  | Entered Level 1 of the Swamp
 39122 | Swamp:1  | HP: 6/124 [spriggan rider/+0 spear (9)]
 39444 | Lair:3   | HP: 6/124 [spriggan druid/angry trees (6)]
 40281 | Swamp:2  | Reached skill level 5 in Fighting
 40289 | Swamp:2  | Reached skill level 1 in Fire Magic
 42360 | Swamp:3  | Identified the ring of Zenoff {rN+ rCorr Int+6}
 42367 | Swamp:3  | Learned a level 5 spell: Fireball
 42367 | Swamp:3  | Identified a scroll of acquirement
 42367 | Swamp:3  | Acquired the +12 broad axe "Icwunick" {vamp, rC++ rCorr
                  | Dex-5}
 42797 | Swamp:4  | Entered Level 4 of the Swamp
 42835 | Swamp:4  | Reached skill level 5 in Fire Magic
 45094 | Swamp:4  | Got a decaying rune of Zot
 45360 | Spider:4 | Entered Level 4 of the Spider Nest
 45614 | Spider:4 | Reached XP level 18. HP: 144/144 MP: 24/36
 46384 | Spider:4 | Got the Tome of Spatial Force
 46979 | Spider:4 | Reached skill level 10 in Fighting
 48483 | Spider:4 | Got a gossamer rune of Zot
 48625 | Spider:4 | Upgraded the game from 0.31-a0-4-gefa6de2278 to
                  | 0.31-a0-7-g51783674b7
 49771 | Elf:2    | Reached skill level 10 in Invocations
 50302 | Elf:2    | Found Linlihah's Jewellery Shop.
 50307 | Elf:2    | Found Aphafapo's Book Emporium.
 50308 | Elf:2    | Found Umuzutuf's Jewellery Shop.
 50423 | Elf:2    | Found a huge runed translucent gate.
 50423 | Elf:2    | Found a huge runed translucent gate.
 50423 | Elf:2    | Found a huge runed translucent gate.
 50423 | Elf:2    | Found a huge runed translucent gate.
 50424 | Elf:2    | Found a huge runed translucent gate.
 50951 | Elf:3    | Entered Level 3 of the Elven Halls
 51156 | Elf:3    | Noticed a Tzitzimitl
 51159 | Elf:3    | Reached skill level 19 in Ice Magic
 52004 | Lair:4   | Killed Buethreca's ghost
 52144 | Lair:4   | Identified the +1 hat of Hangman {Str+4}
 54143 | Elf:3    | Identified the ring "Temibab" {Wiz rCorr Dex+3}
 54293 | Elf:3    | Identified the amulet "Kehikh" {Reflect Int+7 Slay+3 SH+5}
 54472 | Elf:3    | Identified the +6 short sword "Vayrugim" {freeze, Will-
                  | Int-2 Dex+7 Stlth+}
 54472 | Elf:3    | Identified the ring of Vanity {Fire Int+4}
 54477 | Elf:3    | Found Cuyss's Distillery.
 54487 | Elf:3    | Bought a potion of resistance for 200 gold pieces
 54487 | Elf:3    | Bought a potion of curing for 60 gold pieces
 54487 | Elf:3    | Bought a potion of might for 80 gold pieces
 54487 | Elf:3    | Bought a potion of heal wounds for 100 gold pieces
 54487 | Elf:3    | Bought a potion of curing for 60 gold pieces
 54487 | Elf:3    | Bought a potion of curing for 60 gold pieces
 54487 | Elf:3    | Bought a potion of curing for 60 gold pieces
 54487 | Elf:3    | Bought a potion of brilliance for 80 gold pieces
 54487 | Elf:3    | Bought a potion of heal wounds for 100 gold pieces
 54631 | Elf:3    | Paralysed by an air elemental for 1 turns
 55323 | Elf:3    | Noticed a Brimstone Fiend
 55324 | Elf:3    | Reached XP level 19. HP: 156/156 MP: 22/37
 55385 | Elf:2    | Learned a level 3 spell: Swiftness
 56373 | Elf:3    | Got the Handbook of the Glowing Coward
 56378 | Elf:3    | Identified the staff of conjuration "Qiad" {Drain rC+
                  | Dex+2}
 56380 | Elf:3    | Identified the +2 pair of boots "Qodiuj" {Regen+ Str+7}
 56398 | Elf:3    | Got the Folio of the Adder and the Compass
 56840 | Vaults:1 | Entered Level 1 of the Vaults
 57415 | Vaults:1 | Reached skill level 20 in Ice Magic
 59299 | Vaults:1 | Found Xenuenn's Armour Shoppe.
 61072 | Vaults:2 | Noticed Rupert
 61073 | Vaults:2 | Noticed Asterion
 61078 | Vaults:2 | Killed Rupert
 61088 | Vaults:2 | Noticed Sojobo
 61091 | Vaults:2 | Killed Asterion
 61101 | Vaults:2 | Paralysed by an air elemental for 1 turns
 61106 | Vaults:2 | Paralysed by an air elemental for 1 turns
 61112 | Vaults:2 | Paralysed by an air elemental for 1 turns
 61119 | Vaults:2 | Paralysed by an air elemental for 1 turns
 62048 | Vaults:2 | Reached skill level 15 in Invocations
 62139 | Vaults:2 | Found a staircase to the Crypt.
 62303 | Vaults:2 | Reached skill level 21 in Ice Magic
 62524 | Vaults:2 | Killed Sojobo
 62525 | Vaults:2 | Reached XP level 20. HP: 163/163 MP: 1/38
 62922 | Vaults:2 | Found a large runed translucent door.
 62922 | Vaults:2 | Found a large runed translucent door.
 62922 | Vaults:2 | Noticed Inony's ghost (master FoHu)
 63499 | Vaults:3 | Found Lujoehuw's Assorted Antiques.
 63506 | Vaults:3 | Bought a potion of might for 104 gold pieces
 63609 | Vaults:3 | Found Fujil's Antique Weapon Shop.
 63855 | Vaults:3 | Found Xettenn's Jewellery Shoppe.
 64114 | Vaults:3 | Found Wauz's Magic Scroll Boutique.
 64115 | Vaults:3 | Found Dearua Leah's Armour Shop.
 64144 | Vaults:3 | Bought 3 scrolls of blinking for 315 gold pieces
 64144 | Vaults:3 | Bought a scroll of teleportation for 42 gold pieces
 64144 | Vaults:3 | Bought a scroll of teleportation for 42 gold pieces
 64858 | Vaults:3 | Reached skill level 22 in Ice Magic
 67284 | Vaults:4 | Got the Essays on Doomed Modification
 67487 | Vaults:4 | Learned a level 9 spell: Polar Vortex
 67730 | Depths:1 | Entered Level 1 of the Depths
 67730 | Depths:1 | Found a gateway to Hell.
 67899 | Depths:1 | Reached XP level 21. HP: 169/169 MP: 39/39
 68898 | Depths:1 | Reached skill level 23 in Ice Magic
 70604 | Depths:2 | Identified the +11 great mace "Jedyl" {flame, Will+ Str+3}
 70605 | Depths:2 | Found a transporter.
 70606 | Depths:2 | Found a transporter.
 70610 | Depths:2 | Noticed qborf's ghost (veteran MiFi)
 70776 | Depths:2 | Noticed a caustic shrike
 70788 | Depths:2 | Killed a caustic shrike
 70996 | Depths:2 | Noticed a caustic shrike
 71002 | Depths:2 | Killed a caustic shrike
 71140 | Depths:2 | Found a one-way gate leading to the halls of Pandemonium.
 71381 | Depths:2 | Noticed a golden dragon
 71408 | Depths:2 | Killed a golden dragon
 72532 | Depths:4 | Entered Level 4 of the Depths
 73066 | Depths:2 | Reached XP level 22. HP: 141/177 MP: 36/40
 73497 | Depths:3 | Found a one-way gateway to a ziggurat.
 73651 | Depths:3 | Found a runed translucent gate.
 73651 | Depths:3 | Found a runed translucent gate.
 73651 | Depths:3 | Found a runed translucent gate.
 73651 | Depths:3 | Noticed sastreii's ghost (veteran DrAr)
 73808 | Depths:3 | Killed sastreii's ghost
 74398 | D:3      | Killed Sigmund
 74622 | D:3      | Found a sacrificial altar of Ru.
 74691 | D:3      | Found a snail-covered altar of Cheibriados.
 75073 | D:3      | Identified the +0 robe of the Shore {rPois rF- rN+++}
 75266 | Lair:1   | Reached skill level 24 in Ice Magic
 75267 | Lair:1   | Killed Geeruv's ghost
 75341 | Lair:1   | Identified the +12 flail of Beogh {drain, Will+}
 75423 | Lair:2   | Killed PostNTower's ghost
 75607 | Spider:3 | Killed Roxanne
 76201 | Vaults:2 | Killed Inony's ghost
 76202 | Vaults:2 | Reached skill level 10 in Fire Magic
 76846 | Depths:4 | Reached skill level 5 in Earth Magic
 77183 | Depths:4 | Reached skill level 10 in Dodging
 77763 | Depths:4 | Learned a level 8 spell: Ignition
 78198 | Depths:4 | Found a gate to the Realm of Zot.
 78222 | Depths:4 | Identified the +6 hand axe of the Foot {venom, Fly Str+3}
 79118 | Depths:4 | Found a shadowy altar of Dithmenos.
 79712 | Slime:1  | Entered Level 1 of the Pits of Slime
 80634 | Slime:3  | Reached XP level 23. HP: 178/183 MP: 7/41
 80747 | Slime:4  | Gained mutation: You are clumsy. (Dex -2) [a shining eye]
 80748 | Slime:4  | Gained mutation: You are frail. (-10% HP) [a shining eye]
 80750 | Slime:4  | Lost mutation: You are clumsy. (Dex -2) [potion of
                  | mutation]
 80750 | Slime:4  | Lost mutation: You are frail. (-10% HP) [potion of
                  | mutation]
 80750 | Slime:4  | Gained mutation: You are agile. (Dex +4, Str/Int -1)
                  | [potion of mutation]
 80826 | Slime:5  | Entered Level 5 of the Pits of Slime
 81078 | Slime:5  | Noticed the Royal Jelly
 81082 | Slime:5  | Killed the Royal Jelly
 81084 | Slime:5  | Reached skill level 15 in Fire Magic
 82028 | Slime:5  | Found the +8 orange crystal plate armour {Archmagi, Int+3
                  | Clar}
 82035 | Slime:5  | Got Baif Sid's Octavo of Feculent Changes
 82060 | Slime:5  | Got a slimy rune of Zot
 82080 | Slime:5  | Identified the ring of the Hippo {rN+ rCorr Str+6 Dex+4}
 82093 | Slime:5  | Got the Precepts of Torrid Points
 82167 | Slime:5  | Identified the +0 scale mail "Qear" {Str+2 Stlth+}
 82185 | Slime:5  | Identified the +2 helmet of the Vestibule of Hell {rPois
                  | rN+}
 82189 | Slime:5  | Identified the +5 war axe of Tujig {heavy, rCorr}
 82639 | Vaults:5 | Entered Level 5 of the Vaults
 82649 | Vaults:5 | Noticed an ancient lich
 82650 | Vaults:5 | Noticed Bai Suzhen
 82833 | Vaults:5 | Killed an ancient lich
 82833 | Vaults:5 | Killed Bai Suzhen
 83526 | Vaults:5 | Noticed a dread lich
 83711 | Vaults:5 | Killed a dread lich
 84089 | Vaults:5 | Reached skill level 15 in Spellcasting
 84475 | Vaults:5 | Reached XP level 24. HP: 168/189 MP: 18/42
 84972 | Vaults:5 | Identified the staff of cold "Danok" {rPois rC+ Will-
                  | Dex+4}
 84984 | Vaults:5 | Identified the +2 chain mail of Jeilem {rPois Str+2 Dex-3
                  | Stlth+}
 85894 | Vaults:5 | Got a silver rune of Zot
 85896 | Vaults:5 | Identified the ring of Pihar {Ice Int+4 Slay+5}
 86103 | Vaults:5 | Identified the +9 broad axe of Nemelex Xobeh's Pride
                  | {heavy, rN+}
 86106 | Vaults:5 | Identified the staff of death "Rephosm" {rN+ Str+2 Dex+3}
 86362 | Vaults:5 | Identified the +3 short sword of the Ethereal God {freeze,
                  | Contam rCorr Int+3}
 86906 | Vaults:5 | Found Togaom's Magic Scroll Shop.
 86915 | Vaults:5 | Found Fasm's Magic Scroll Shoppe.
 87565 | Vaults:5 | Bought a scroll of blinking for 180 gold pieces
 87565 | Vaults:5 | Bought a scroll of magic mapping for 180 gold pieces
 87565 | Vaults:5 | Bought a scroll of magic mapping for 180 gold pieces
 87565 | Vaults:5 | Bought a scroll of teleportation for 72 gold pieces
 87565 | Vaults:5 | Bought a scroll of fear for 96 gold pieces
 87576 | Vaults:5 | Bought a scroll of amnesia for 84 gold pieces
 87576 | Vaults:5 | Bought a scroll of amnesia for 84 gold pieces
 87576 | Vaults:5 | Bought a scroll of fear for 84 gold pieces
 87576 | Vaults:5 | Bought a scroll of summoning for 199 gold pieces
 87815 | Hell     | Entered the Vestibule of Hell
 87907 | Hell     | Noticed Geryon
 88976 | Hell     | Killed Geryon
 89478 | Zot:1    | Entered Level 1 of the Realm of Zot
 89822 | Zot:1    | Learned a level 6 spell: Plasma Beam
 90059 | Zot:1    | Reached skill level 1 in Air Magic
 91420 | Zot:1    | Learned a level 5 spell: Lee's Rapid Deconstruction
 93001 | Zot:2    | You fall into a shaft and drop 1 floor!
 93017 | Zot:3    | Reached skill level 5 in Air Magic
 93724 | Zot:2    | Acquired the +3 hat of the Thoughtful Friends {rElec Int+3
                  | Dex-3}
 93782 | Zot:3    | Reached XP level 25. HP: 191/196 MP: 33/45
 97149 | Zot:3    | Identified the +0 robe of the Comet {Rampage rF- Int+4}
 98931 | Zot:5    | Entered Level 5 of the Realm of Zot
100308 | Zot:5    | Noticed a Killer Klown
100333 | Zot:5    | Killed a Killer Klown
100438 | Zot:5    | Noticed a Killer Klown
100450 | Zot:5    | Killed a Killer Klown
100545 | Zot:5    | Noticed a Killer Klown
100550 | Zot:5    | Noticed a dread lich
100555 | Zot:5    | Paralysed by a Zot trap for 2 turns
100563 | Zot:5    | Killed a Killer Klown
100565 | Zot:5    | Killed a dread lich
100854 | Zot:5    | Noticed an orb of fire
100860 | Zot:5    | Gained mutation: You occasionally lose the ability to drink
                  | potions when taking damage. [an orb of fire]
100862 | Zot:5    | HP: 8/196 [orb of fire/bolt of fire (14)]
100867 | Zot:5    | Killed an orb of fire
101226 | Zot:5    | Noticed an orb of fire
101229 | Zot:5    | Gained mutation: You have hidden genetic defects. [an orb
                  | of fire]
101236 | Zot:5    | Killed an orb of fire
101303 | Zot:5    | Noticed an orb of fire
101305 | Zot:5    | Lost mutation: You have hidden genetic defects. [an orb of
                  | fire]
101307 | Zot:5    | Gained mutation: You are dopey. (Int -2) [an orb of fire]
101308 | Zot:5    | Noticed a Killer Klown
101308 | Zot:5    | Gained mutation: Your system is resistant to poisons.
                  | (rPois) [an orb of fire]
101309 | Zot:5    | Killed an orb of fire
101311 | Zot:5    | a Killer Klown changed into a juggernaut
101311 | Zot:5    | Noticed a juggernaut
101319 | Zot:5    | Killed a juggernaut
101611 | Zot:5    | Noticed an orb of fire
101622 | Zot:5    | Killed an orb of fire
101623 | Zot:5    | Reached XP level 26. HP: 174/204 MP: 40/47
101635 | Zot:5    | Noticed an orb of fire
101637 | Zot:5    | Noticed an orb of fire
101637 | Zot:5    | Gained mutation: You are vulnerable to cold. (rC-) [an orb
                  | of fire]
101637 | Zot:5    | Gained mutation: You are covered in fur. (AC +1) [an orb of
                  | fire]
101639 | Zot:5    | Gained mutation: You sometimes lose the ability to drink
                  | potions when taking damage. [an orb of fire]
101644 | Zot:5    | Gained mutation: Your spells are a little easier to cast,
                  | but a little less powerful. [an orb of fire]
101645 | Zot:5    | Killed an orb of fire
101646 | Zot:5    | Killed an orb of fire
103623 | Zot:5    | Got the Orb of Zot
103966 | Depths:1 | Lost mutation: You are covered in fur. (AC +1) [potion of
                  | mutation]
103966 | Depths:1 | Lost mutation: Your system is resistant to poisons. (rPois)
                  | [potion of mutation]
103966 | Depths:1 | Gained mutation: You are weak. (Str -2) [potion of
                  | mutation]
103966 | Depths:1 | Gained mutation: Your body sometimes deteriorates upon
                  | taking damage. [potion of mutation]
103967 | Depths:1 | Lost mutation: Your body sometimes deteriorates upon taking
                  | damage. [potion of mutation]
103967 | Depths:1 | Lost mutation: You are agile. (Dex +4, Str/Int -1) [potion
                  | of mutation]
103967 | Depths:1 | Gained mutation: You sometimes lose your temper in combat.
                  | [potion of mutation]
103968 | Depths:1 | Lost mutation: Your spells are a little easier to cast, but
                  | a little less powerful. [potion of mutation]
103968 | Depths:1 | Lost mutation: You are vulnerable to cold. (rC-) [potion of
                  | mutation]
103970 | Depths:1 | Lost mutation: You are dopey. (Int -2) [potion of mutation]
103970 | Depths:1 | Lost mutation: You are weak. (Str -2) [potion of mutation]
103970 | Depths:1 | Lost mutation: You sometimes lose your temper in combat.
                  | [potion of mutation]
103970 | Depths:1 | Gained mutation: Your large and strong wings let you fly.
                  | [potion of mutation]
103970 | Depths:1 | Gained mutation: Your muscles are strong. (Str +4, Int/Dex
                  | -1) [potion of mutation]
103970 | Depths:1 | Gained mutation: You have a pair of small antennae on your
                  | head. [potion of mutation]
103971 | Depths:1 | Lost mutation: You sometimes lose the ability to drink
                  | potions when taking damage. [potion of mutation]
103971 | Depths:1 | Lost mutation: You occasionally lose the ability to drink
                  | potions when taking damage. [potion of mutation]
103971 | Depths:1 | Gained mutation: You are dopey. (Int -2) [potion of
                  | mutation]
104227 | D:9      | Noticed Vochawuli the pandemonium lord
104274 | D:10     | Noticed Torriyto the pandemonium lord
104567 | D:$      | Escaped with the Orb!

Illustrated notes

Levels and vault maps discovered:
D:1:      dpeg_arrival_orchard, layout_basic,
          chequers_ecumenical_altar_simple_redux
D:2:      layout_basic
D:3:      layout_loops_ring, nicolae_ru_awakened_eye,
          mainiacjoe_overflow_boulevard, minmay_diced_spiral, uniq_sigmund
D:4:      layout_gridville, amethyst_overflow_temple_binary, st_stairs_6
D:5:      layout_loops_ring, nicolae_qazlal_style_of_elements, marbit_many_paths
D:6:      layout_rooms, elyvilon_altar_5, minmay_temple_entry_glassed_door
D:7:      layout_rooms, doesnt_xom_only_xom,
          nicolae_wu_jian_immortal_techniques, overflow_temple_1_default,
          minmay_small_thing
D:8:      layout_basic, grunt_lair_entry_orc_guard_hut, uniq_grum
D:9:      layout_roguey, mainiacjoe_overflow_paths, orc_0_dummy, uniq_maurice,
          uniq_pikel, uniq_maggie, uniq_joseph
D:10:     layout_cave_pools, kennysheep_mini_moat,
          mainiacjoe_overflow_surrounded_room, fedhas_altar_1,
          minmay_misc_feat_tiny, uniq_amaemon, uniq_lodul, uniq_snorg
D:11:     layout_basic, nooodl_orcs_dogs
D:12:     layout_long_grid
D:13:     layout_rooms, gauntlet_entry_generic, serial_shops,
          nicolae_shop_competitors_out_of_business, nicolae_vehumet_radiance
D:14:     layout_loops_ring, hangedman_vaults_entry_quadrant_bands,
          serial_shops, shop, hangedman_abyss_or_decor_jellyfish_corner
D:15:     gammafunk_enter_depths_forms, layout_irregular_city, serial_rivers,
          chequers_serial_rivers_micro_e, chequers_serial_rivers_micro_d,
          chequers_serial_rivers_small_b, chequers_serial_rivers_small_3,
          chequers_serial_rivers_large_a, chequers_serial_rivers_large_b
Lair:1:   layout_cave_shapes, gammafunk_ghost_abyssal_escape,
          serial_bayou_pond_a, serial_bayou_ford_a, infiniplex_staircase_pool,
          uniq_gastronok
Lair:2:   regret_index_tunnel_blossom, layout_regular_city,
          ebering_ghost_rock_garden, basic_altar
Lair:3:   layout_cave_pods, minmay_swamp_entry_worms, spider_nest_entry_a,
          serial_bayou_shore_a
Lair:4:   layout_gridlike, dpeg_slime_entry_enclosed,
          gammafunk_ghost_berserking_beasts, minmay_lindwurm_lava,
          grunt_megastairs_5
Lair:5:   hellmonk_lair_end_abyssal_woods, layout_hall_layers
Swamp:1:  layout_basic_swamp, nicolae_swamp_little_swirl
Swamp:2:  cheibrodos_swamp_heart_of_darkness, layout_basic_swamp,
          evilmike_swamp_ruin_rubble_1
Swamp:3:  layout_falls_marsh, nicolae_swamp_small_spring
Swamp:4:  swamp_icy, layout_basic_swamp, swamp_pool4
Spider:1: layout_cave_pods, uniq_azrael
Spider:2: layout_chambers, nicolae_spider_circle_web
Spider:3: layout_spider_delve, uniq_roxanne, uniq_arachne
Spider:4: guppyfry_spider_rune
Slime:1:  layout_caves
Slime:2:  layout_caves
Slime:3:  cheibrodos_slime_lost_civilization_1, layout_caves,
          nicolae_slime_round_cave
Slime:4:  layout_caves
Slime:5
Orc:1:    layout_caves, basic_altar, serial_shops, shop
Orc:2:    st_orc_town, layout_caves
Elf:1:    elf_arrival_002, layout_gridlike, serial_shops,
          nicolae_shop_tiny_real_fake_doors, minivault_28, st_stairs_13,
          lemuel_upstairs_altar, uniq_agnes
Elf:2:    elven_hall_of_blades_hangedman_alternative
          [infiniplex_blade_entry_pillars], layout_geoelf_diagonals,
          minmay_shop_grove, uniq_saint_roka
Elf:3:    grunt_elf_hall_asides, layout_onion_city, serial_shops,
          nicolae_shop_waterfront, nicolae_elf_glass_and_crystal_pillar_2
Vaults:1: nicolae_vaults_little_squares_2, dpeg_vaults_monster_row,
          nicolae_vaults_trapezoid_2, v_misc_29, v_alt_pattern_4,
          nicolae_vaults_tetromino_L_2, v_rooms_4, vaults_dpeg_cross,
          grunt_vaults_diagonal, nicolae_vaults_house_2,
          nicolae_vaults_spaceships, nicolae_vaults_network_square,
          vaults_standard_mumra_x, layout_vaults_omnibox, serial_shops, shop
Vaults:2: ebering_ghost_disaster_area, minmay_crypt_entry_simple_statues,
          ontoclasm_vaults_tryst, sword_in_stone,
          nicolae_vaults_trapezoid_layered, nicolae_vaults_closet_pinwheel_3,
          nicolae_vaults_border_crossing, ontoclasm_vaults_decontamination,
          nicolae_vaults_trapezoid_lopsided_3, layout_vaults_chaotic_city
Vaults:3: portal_desolation_entry_twin_temple, v_misc_2, hangedman_vaults_pinch,
          st_diamondy, v_misc_10, nicolae_vaults_storage_closets_3,
          vaults_room_octagon, vaults_room_boxed,
          nicolae_vaults_storage_closets_1, v_misc_16, layout_vaults_big_cross,
          serial_shops, shop, nicolae_shop_just_a_little_nook,
          nicolae_square_shop, nicolae_shop_tiny_waterfront,
          nicolae_shop_gaudy_bauble
Vaults:4: vaults_room_large_hall, nicolae_vaults_ellipses_ellipsis,
          nicolae_vaults_shock_wave, v_misc_24,
          nicolae_vaults_trapezoid_lopsided_4, vaults_room_ringed_pool,
          v_misc_5, nicolae_vaults_big_ls, v_misc_8,
          nicolae_vaults_little_squares_4, nicolae_vaults_mitosis,
          ontoclasm_vaults_bender, vaults_room_pools, vaults_dpeg_diagonal,
          v_pattern_5, hangedman_vaults_cutoff, layout_vaults_maze_snakey
Vaults:5: serial_shops, uniq_bai_suzhen
Depths:1: layout_roguey, kennysheep_cross_room, hell_entry,
          kennysheep_crisscross, statue_in_the_mist_lemuel, kennysheep_dice
Depths:2: minmay_glassy_protrusions, layout_basic, grunt_pan_entry_zigzag,
          hell_entry, gammafunk_ghost_smash, uniq_sojobo
Depths:3: nicolae_whirlpool, layout_small_grid, enter_ziggurat_a,
          ebering_ghost_rock_garden, hangedman_abyss_entry_splay,
          pf_hell_entry_great_geh, minmay_crystal_room, grunt_megastairs_3,
          firewood_loft
Depths:4: grunt_x_marks_the_spot, layout_basic, hell_entry,
          minmay_misc_feat_square, grunt_dithmenos_smoke_and_mirrors
Hell
Zot:1:    layout_onion
Zot:2:    kennysheep_blocky_hall, layout_gridville
Zot:3:    minmay_elemental_castle, layout_cathedral_of_symmetry,
          grunt_ministairs_4
Zot:4:    layout_gridville, guppyfry_library_mini
Zot:5:    layout_gridlike

Skill      XL: |  1  2  3  4  5  6  7  8  9 10 11 12 13 14 15 16 17 18 19 20 21 22 23 24 25 26 |
---------------+-------------------------------------------------------------------------------+-----
Dodging        | 2 3 4 6 7 8 11 | 11.9
Fighting       | 1 2 3 4 8 10 | 10.6
Spellcasting   | 3 4 5 11 14 15 18 20 21 | 21.8
Axes           | 1 2 3 5 8 10 11 12 15 | 15.1
Shields        | 1 2 3 5 |  5.0
Ice Magic      | 5 6 8 12 17 18 19 21 22 23 24 | 24.0
Conjurations   | 5 7 9 |  9.0
Invocations    | 6 9 12 15 17 19 20 | 20.0
Earth Magic    | 2 3 7 |  7.0
Evocations     | 7 |  7.6
Fire Magic     | 6 9 13 18 20 22 23 | 23.5
Air Magic      | 5 8 |  8.0
Stealth        | |  1.8

Action                     |  1- 3 |  4- 6 |  7- 9 | 10-12 | 13-15 | 16-18 | 19-21 | 22-24 | 25-27 || total
---------------------------+-------+-------+-------+-------+-------+-------+-------+-------+-------++-------
  Melee: Unarmed           |     6 |       |       |       |       |       |       |       |       ||     6
         Dagger            |    60 |     1 |       |       |       |       |       |       |       ||    61
         Tailslap          |     9 |     7 |    14 |   107 |   263 |   122 |   222 |    86 |    31 ||   861
         Punch             |     1 |       |       |       |       |       |       |       |       ||     1
         Hand axe          |       |    38 |   105 |   550 |   215 |       |       |       |       ||   908
         Broad axe         |       |       |       |       |   971 |   426 |   902 |   316 |   115 ||  2730
         War axe           |       |       |       |       |       |   216 |       |       |       ||   216
   Fire: Sling             |       |    24 |       |       |       |       |       |       |       ||    24
   Cast: Freeze            |    21 |    25 |    40 |    42 |    27 |       |     1 |       |       ||   156
         Frozen Ramparts   |     2 |     8 |    34 |    65 |    86 |    66 |    59 |    15 |       ||   335
         Ozocubu's Armour  |       |     2 |    12 |    31 |    52 |    64 |    51 |    24 |     1 ||   237
         Iskenderun's Batt |       |       |       |     1 |       |     2 |       |       |       ||     3
         Stone Arrow       |       |       |       |       |    10 |   148 |    58 |    11 |       ||   227
         Ozocubu's Refrige |       |       |       |       |       |   236 |   169 |    81 |     3 ||   489
         Fireball          |       |       |       |       |       |    55 |    68 |    28 |       ||   151
         Polar Vortex      |       |       |       |       |       |       |    10 |    63 |    60 ||   133
         Iron Shot         |       |       |       |       |       |       |     1 |       |       ||     1
         Ignition          |       |       |       |       |       |       |       |    91 |     9 ||   100
         Plasma Beam       |       |       |       |       |       |       |       |    41 |   151 ||   192
 Invoke: Upheaval          |       |       |       |     1 |    18 |    12 |     5 |    18 |       ||    54
         Elemental Force   |       |       |       |     1 |     2 |     3 |     1 |       |       ||     7
         Disaster Area     |       |       |       |       |       |     4 |       |     2 |     1 ||     7
Ability: Breathe Dispellin |       |       |    10 |     4 |     2 |     3 |     2 |       |       ||    21
         Evoke Invisibilit |       |       |       |       |       |     3 |     1 |     1 |       ||     5
         Evoke Blink       |       |       |       |       |       |     3 |       |     1 |       ||     4
  Evoke: Wand              |       |       |       |     4 |       |     1 |       |     7 |       ||    12
         Lightning rod     |       |       |       |       |       |       |     1 |     1 |       ||     2
    Use: Scroll            |       |       |     9 |     8 |     9 |    15 |     4 |    11 |     6 ||    62
         Potion            |       |       |       |     1 |     6 |    16 |     5 |    11 |    19 ||    58
   Stab: Sleeping          |     3 |     2 |     1 |       |       |       |       |       |       ||     6
         Distracted        |       |     1 |       |       |       |     1 |     1 |       |       ||     3
         Invisible         |       |       |       |       |       |    12 |       |       |       ||    12
         Paralysed         |       |       |       |       |       |     5 |       |       |       ||     5
 Armour: Skin              |    31 |    23 |    39 |   184 |   319 |   475 |   503 |   288 |   108 ||  1970
  Dodge: Dodged            |    40 |    37 |    83 |   314 |   530 |   548 |   465 |   317 |   141 ||  2475
         Repelled          |       |       |       |     3 |     5 |    22 |    20 |    21 |    22 ||    93
  Block: Buckler           |       |     2 |    53 |   251 |   629 |   646 |       |       |       ||  1581
         Orb               |       |       |       |       |       |     1 |   427 |   330 |   114 ||   872
         Reflection        |       |       |       |       |       |       |     7 |    17 |     2 ||    26

Table legend: (Time is in decaauts)
 A = Elapsed time spent in this place.
 B = Non-inter-level travel time spent in this place.
 C = Inter-level travel time spent in this place.
 D = Time resting spent in this place.
 E = Time spent auto-exploring this place.
 F = Levels seen in this place.
 G = Mean time per level.
                   A        B        C        D        E       F      G
               +--------+--------+--------+--------+--------+-----+--------+
         Total | 104084 |  95277 |   8807 |  25257 |  53481 |  54 | 1927.5 |
       Dungeon |  20550 |  17658 |   2892 |   1649 |  12947 |  15 | 1370.0 |
          Lair |  10925 |   9510 |   1415 |    957 |   6588 |   5 | 2185.0 |
         Swamp |   5944 |   5760 |    184 |   1702 |   3278 |   4 | 1486.0 |
   Spider Nest |   9568 |   8909 |    659 |   2348 |   5266 |   4 | 2392.0 |
    Slime Pits |   2566 |   2504 |     62 |   1313 |    633 |   5 |  513.2 |
  Orcish Mines |   2384 |   1970 |    414 |    648 |    950 |   2 | 1192.0 |
   Elven Halls |   9771 |   9100 |    671 |   3871 |   3821 |   3 | 3257.0 |
        Vaults |  16396 |  15121 |   1275 |   4404 |   7896 |   5 | 3279.2 |
        Depths |  11393 |  10572 |    821 |   3936 |   5125 |   4 | 2848.2 |
          Hell |    217 |    217 |      0 |      0 |     84 |   1 |  217.0 |
           Zot |  13728 |  13317 |    411 |   4429 |   6635 |   5 | 2745.6 |
      Gauntlet |    638 |    638 |      0 |      0 |    256 |   1 |  638.0 |
               +--------+--------+--------+--------+--------+-----+--------+

Top non-repeatable levels by time:
Vaults:4: 4896 daAuts
   Zot:5: 4217 daAuts
Vaults:1: 4113 daAuts
   Elf:3: 3999 daAuts
Depths:1: 3506 daAuts
   Elf:1: 3448 daAuts
   Zot:3: 3168 daAuts
  Lair:4: 2950 daAuts
Depths:2: 2932 daAuts
Vaults:2: 2855 daAuts
     D:9: 2844 daAuts
Spider:1: 2789 daAuts
Depths:3: 2513 daAuts
  Lair:3: 2487 daAuts
Vaults:5: 2474 daAuts
